 Dungeon Sprint DCSS version 0.23-a0-516-g0f8c245 (webtiles) character file.

263 JosiahThimblerig the Fighter (level 6, 0/62 HPs)
             Began as a Hill Orc Fighter on Dec 5, 2018.
             Slain by a slime creature (5 damage)
             ... in the Dungeon (Sprint I: "Red Sonja").
             The game lasted 00:01:38 (144 turns).

JosiahThimblerig the Fighter (Hill Orc Fighter)      Turns: 144, Time: 00:01:38

Health: 0/62       AC:  8    Str: 19    XL:     6   Next: 19%
Magic:  6/6        EV:  8    Int:  9    God:
Gold:   162        SH: 10    Dex: 11    Spells: 5/5 levels left

rFire    . . .     SeeInvis .   a - +0 war axe
rCold    . . .     Gourm    .   c - +0 shield
rNeg     . . .     Faith    .   b - +0 scale mail
rPois    .         Spirit   .   (no helmet)
rElec    .         Reflect  .   (no cloak)
rCorr    .         Harm     .   (no gloves)
MR       .....     NoTele   +   (no boots)
Stlth    ..........             (no amulet)
HPRegen  0.20/turn              (no ring)
MPRegen  0.10/turn              (no ring)

@: hasted, very quick
A: no striking features
a: no special abilities


You were in the Dungeon.
You were not hungry.

You visited 1 branch You collected 162 gold pieces.

Inventory:

Hand Weapons
 a - a +0 war axe (weapon)
 h - a +1 scythe of freezing
 l - a +0 club
 o - a +0 giant spiked club
Armour
 b - a +0 scale mail (worn)
 c - a +0 shield (worn)
 m - a +0 ring mail
 p - a +0 robe
Scrolls
 k - a scroll of blinking
Potions
 d - a potion of might
 e - a potion of curing
 g - a potion of heal wounds
 i - 2 potions of magic
 j - a potion of berserk rage
Comestibles
 f - a ration
 n - 6 chunks of flesh


   Skills:
 + Level 8.7 Fighting
 + Level 8.2 Axes
 + Level 7.6 Armour
 + Level 7.4 Shields


You had 5 spell levels left.
You didn't know any spells.
Your spell library was empty.

Dungeon Overview and Level Annotations

Branches:
Dungeon (1/1)

Altars:
Makhleb
Xom
Jiyva
Lugonu


Message History

The slime creature is moderately wounded.
The slime creature hits you!
* * * LOW HITPOINT WARNING * * *
You hit the slime creature.
The slime creature is moderately wounded.
The slime creature hits you.
* * * LOW HITPOINT WARNING * * *
You slash the slime creature!
The slime creature is heavily wounded.
The slime creature hits you.
* * * LOW HITPOINT WARNING * * *
You slash the slime creature!
The slime creature is almost dead.
You barely miss the slime creature.
The slime creature is almost dead.
You block the slime creature's attack.
You hit the slime creature.
The slime creature is almost dead.
The slime creature hits you.
You die...

###################
#<.#..'÷.#..'..#__#
#..'..#..'÷.#..@J.+
#..#####'#####+#__#
#..# #..# ### #..#
#### #..# #⌠⌠# ####


You could see a slime creature.

Vanquished Creatures
  Sigmund (D)
  An ogre (D)
  Ijyb (D)
3 creatures vanquished.

Notes
Turn   | Place    | Note
-------+----------+-------------------------------------------
     0 | D        | JosiahThimblerig the Hill Orc Fighter began the quest for
                  | the Orb.
     0 | D        | Reached XP level 1. HP: 19/19 MP: 1/1
     2 | D        | Noticed Ijyb
     8 | D        | Killed Ijyb
     8 | D        | Reached skill level 5 in Fighting
     8 | D        | Reached XP level 2. HP: 29/29 MP: 2/2
     8 | D        | Reached XP level 3. HP: 36/36 MP: 3/3
    13 | D        | Noticed an ogre
    17 | D        | Killed an ogre
    17 | D        | Reached skill level 5 in Axes
    17 | D        | Reached XP level 4. HP: 34/45 MP: 4/4
   101 | D        | Noticed Sigmund
   114 | D        | Killed Sigmund
   114 | D        | Reached XP level 5. HP: 39/56 MP: 5/5
   114 | D        | Reached XP level 6. HP: 43/62 MP: 6/6
   130 | D        | Found a burning altar of Makhleb.
   130 | D        | Found a viscous altar of Jiyva.
   130 | D        | Found a shimmering altar of Xom.
   130 | D        | Found a corrupted altar of Lugonu.
   130 | D        | Noticed a slime creature
   144 | D        | Slain by a slime creature

Vault maps used:
D:        dungeon_sprint_1

Skill      XL: |  1  2  3  4 |
---------------+-------------+-----
Fighting       | 5 6 8 |  8.7
Axes           | 3 5 8 |  8.2
Armour         | 4 6 7 |  7.6
Shields        | 4 6 7 |  7.4

Action                   |  1- 3 |  4- 6 || total
-------------------------+-------+-------++-------
Melee: War axe           |    10 |    24 ||    34
  Use: Potion            |       |     1 ||     1
Armor: Scale mail        |     2 |     1 ||     3
Dodge: Dodged            |     2 |     1 ||     3
Block: Shield            |     4 |     3 ||     7

Table legend:
 A = Non-vault XP
 B = Vault XP
 C = Vault XP percentage of total XP
 D = Non-vault monster count
 E = Vault monster count
 F = Vault count percentage of total count
                 A         B        C        D         E       F
            +---------+---------+-------+---------+---------+-------
      Total |       0 |     377 | 100.0 |       0 |       3 | 100.0
            +---------+---------+-------+---------+---------+-------
          D |       0 |     377 | 100.0 |       0 |       3 | 100.0
            +---------+---------+-------+---------+---------+-------
